 Dungeon Crawl Stone Soup version 0.28-b1-25-g9875b3fc8c (webtiles) character file.

Game seed: 13231062110203666006

46 Descartes the Stinger (level 3, 0/22 HPs)
             Began as a Deep Elf Wanderer on Feb 1, 2022.
             Frozen to death by an endoplasm (4 damage)
             ... on level 2 of the Dungeon.
             The game lasted 00:04:24 (1778 turns).

Descartes the Stinger (Deep Elf Wanderer)           Turns: 1778, Time: 00:04:25

Health: 0/22       AC:  3    Str: 13    XL:     3   Next: 46%
Magic:  2/9        EV:  9    Int: 13    God:
Gold:   57         SH: 14    Dex: 18    Spells: 5/8 levels left

rFire   . . .      SeeInvis .   a - +0 club
rCold   . . .      Faith    .   l - +6 kite shield of the Hart {Rampage rPois Str-3}
rNeg    . . .      Spirit   .   c - +0 leather armour
rPois   +          Reflect  .   (no helmet)
rElec   .          Harm     .   (no cloak)
rCorr   .          Rampage  +   (no gloves)
Will    .....                   (no boots)
Stlth   ++........              (no amulet)
HPRegen 0.07/turn               f - +6 ring of dexterity
MPRegen 0.11/turn               (no ring)

@: very slightly contaminated
A: no striking features
a: no special abilities


You were on level 2 of the Dungeon.
You visited 1 branch of the dungeon, and saw 2 of its levels.

You collected 57 gold pieces.

Inventory:

Hand Weapons
 a - a +0 club (weapon)
Missiles
 e - 30 stones
 j - 22 arrows
Armour
 c - a +0 leather armour (worn)
 l - the +6 kite shield of the Hart (worn) {Rampage rPois Str-3}
   (You found it on level 2 of the Dungeon)

   Str:       It affects your strength (-3).
   rPois:     It protects you from poison.
   Rampage:   It bestows one free step when moving towards enemies.
Jewellery
 f - a +6 ring of dexterity (left hand)
Wands
 b - a wand of flame (4)
Scrolls
 d - a scroll of vulnerability
 h - 2 scrolls of teleportation {unknown}
 i - a scroll of enchant weapon {unknown}
 k - a scroll of holy word {unknown}
Potions
 g - a potion of curing


   Skills:
 - Level 2.4 Fighting
 - Level 1.3 Stealth
 + Level 0.4 Shields
 - Level 3.0 Spellcasting
 + Level 2.1 Transmutations
 + Level 4.1 Poison Magic
 - Level 1.1 Evocations


You had 5 spell levels left.
You knew the following spells:

 Your Spells              Type           Power      Damage    Failure   Level
a - Sting                 Tmut/Pois      40%        1d5       28%         1
b - Poisonous Vapours     Pois/Air       14%        N/A       56%         2

Your spell library contained the following spells:

 Spells                   Type           Power      Damage    Failure   Level
 Olgreb's Toxic Radiance  Pois           12%        N/A       89%         4
 Summon Forest            Summ/Tloc      0%         N/A       100%        5
 Eringya's Noxious Bog    Tmut/Pois      5%         N/A       100%        6
 Summon Hydra             Summ           0%         N/A       100%        7


Dungeon Overview and Level Annotations

Branches:
Dungeon (2/15)

Altars:

Shops:
D:2 =


Message History

The rat bites you.
You hit the rat but do no damage. The rat bites you but does no damage.
You block the rat's attack.
You hit the rat.
The rat is severely wounded.
The rat bites you but does no damage.
Unknown command.
You hit the rat.
You kill the rat!
The dart slug launches a dart at you. The slug dart hits you.
You rampage towards the dart slug!
You hit the dart slug.
The dart slug is moderately wounded.
You block the dart slug's attack.
You completely miss the dart slug.
The dart slug is moderately wounded.
The dart slug bites you.
You hit the dart slug.
The dart slug is moderately wounded.
The endoplasm hits you but does no damage.
You block the dart slug's attack.
You hit the dart slug but do no damage.
The dart slug is moderately wounded.
The endoplasm hits you. The dart slug launches a dart at you.
The slug dart hits you.
You hit the dart slug.
The dart slug is severely wounded.
The endoplasm freezes you.
You are frozen.
* * * LOW HITPOINT WARNING * * *
You block the dart slug's attack. You block the endoplasm's attack.
You hit the dart slug.
You kill the dart slug!
You block the endoplasm's attack.
You hit the endoplasm.
The endoplasm is moderately wounded.
The endoplasm freezes you.
You are frozen.
You die...

.......... ..........
......... ######
......... ......
#######..#.....<
......#
.w..............
....... #..........
.......#### ##........#
.......@J.###.....#..##
#########............##
##### ###.....##....##
##...##
##.....#...#....
##.....##
#........#.#.##.
#...<...#
#..∩.##.....#.##.
#.......#
......###.....#.###
#.......# .......
#.......... ##.....##
##....... #.....##.##


You could see an endoplasm.

Vanquished Creatures
  2 dart slugs (D:2)
  A bat (D:1)
  2 endoplasms (D:1)
  3 goblins (D:1)
  5 hobgoblins
  A jackal (D:2)
  3 kobolds (D:1)
  6 quokkas
  7 ball pythons
  2 frilled lizards
  5 rats
37 creatures vanquished.

Notes
Turn   | Place    | Note
-------+----------+-------------------------------------------
     0 | D:1      | Descartes the Deep Elf Wanderer began the quest for the
                  | Orb.
     0 | D:1      | Descartes set off with the following items: a +0 club, a
                  | wand of flame (4), a +0 leather armour, a scroll of
                  | vulnerability; and the following spell memorised: Sting;
                  | and the following spells available to memorise: Poisonous
                  | Vapours, Olgreb's Toxic Radiance
     0 | D:1      | Reached XP level 1. HP: 13/13 MP: 6/6
   266 | D:1      | Reached skill level 1 in Transmutations
   266 | D:1      | Reached XP level 2. HP: 18/18 MP: 2/8
  1022 | D:1      | Reached skill level 4 in Poison Magic
  1280 | D:2      | Reached XP level 3. HP: 22/22 MP: 5/9
  1425 | D:2      | Identified the +6 kite shield of the Hart {Rampage rPois
                  | Str-3}
  1601 | D:2      | Learned a level 2 spell: Poisonous Vapours
  1741 | D:2      | Found Ucio's Jewellery Boutique.
  1778 | D:2      | Frozen to death by an endoplasm

Illustrated notes

Levels and vault maps discovered:
D:1:      erik_arrival_orb_chamber, layout_basic
D:2:      layout_rooms, serial_shops, shop,
          hellmonk_ecumenical_altar_heavens_door

Skill      XL: |  1  2  3 |
---------------+----------+-----
Transmutations | 1 2 |  2.1
Poison Magic   | 4 |  4.1
Fighting       | |  2.4
Stealth        | |  1.3
Shields        | |  0.4
Spellcasting   | |  3.0
Evocations     | |  1.1

Action                   || total
-------------------------++-------
Melee: Club              ||    22
 Cast: Sting             ||    82
Armor: Leather armour    ||    20
Dodge: Dodged            ||    38
Block: Kite shield       ||    19
